 Dungeon Crawl Stone Soup version 0.28.0-53-g5a82cb258f (webtiles) character file.

Game seed: 6004384584210535045

1257 hawla the Arsonist (level 8, -8/33 HPs)
             Began as a Felid Fire Elementalist on May 24, 2022.
             Was an Initiate of Vehumet.
             Mangled by Grum
             ... wielding a +0 spear
              (21 damage)
             ... on level 9 of the Dungeon.
             The game lasted 00:26:15 (10625 turns).

hawla the Arsonist (Felid Fire Elementalist)       Turns: 10625, Time: 00:26:16

Health: -8/33      AC:  2    Str:  6    XL:     8   Next: 27%
Magic:  4/13       EV: 19    Int: 19    God:    Vehumet [......]
Gold:   192        SH:  5    Dex: 16    Spells: 2/13 levels left
                                        Lives:  0   Deaths: 2

rFire   . . .      SeeInvis +     - Unarmed
rCold   . . .      Faith    .   (shield unavailable)
rNeg    + . .      Spirit   .   (armour unavailable)
rPois   .          Reflect  +   (helmet unavailable)
rElec   .          Harm     .   (cloak unavailable)
rCorr   .          Rampage  .   (gloves unavailable)
Will    +....                   (boots unavailable)
Stlth   +++.......              m - amulet of reflection
HPRegen 0.11/turn               j - ring of positive energy
MPRegen 0.13/turn               (no ring)

@: marked, quick
A: very small, claws 1, fangs 3, see invisible, speed 1, shaggy fur 2, stealthy
paws, no weapons or thrown items, no armour, multi-lived
a: Renounce Religion


You were on level 9 of the Dungeon.
You worshipped Vehumet.
Vehumet was noncommittal.
You visited 2 branches of the dungeon, and saw 10 of its levels.

You collected 274 gold pieces.
You spent 82 gold pieces at shops.

Inventory:

Jewellery
 j - a ring of positive energy (left paw)
 m - an amulet of reflection (around neck)
 o - a ring of resist corrosion
 q - a +6 ring of dexterity
Wands
 f - a wand of flame (44)
 g - a wand of paralysis (8)
 k - a wand of charming (5)
Scrolls
 b - a scroll of teleportation
 c - 2 scrolls of summoning
 i - 3 scrolls of holy word
 l - 4 scrolls of fear
 p - a scroll of blinking
Potions
 a - a potion of haste
 d - 2 potions of curing
 e - a potion of berserk rage
 h - 2 potions of magic
 n - 2 potions of flight
 r - 2 potions of brilliance
 s - a potion of attraction {unknown}


   Skills:
 + Level 2.2 Fighting
 + Level 5.3 Dodging
 - Level 4.0 Stealth
 - Level 1.4 Unarmed Combat
 - Level 3.0 Spellcasting
 * Level 6.0 Conjurations
 * Level 1.6 Translocations
 + Level 8.9 Fire Magic


You had 2 spell levels left.
You knew the following spells:

 Your Spells              Type           Power      Damage    Failure   Level
a - Foxfire               Conj/Fire      100%       2x1d9     1%          1
b - Scorch                Fire           74%        2d9       1%          2
c - Flame Wave            Conj/Fire      31%        2d8       7%          4
d - Iskenderun's Mystic   Conj/Tloc      17%        2d5       30%         4

Your spell library contained the following spells:

 Spells                   Type           Power      Damage    Failure   Level
 Blink                    Tloc           18%        N/A       12%         2
 Conjure Flame            Conj/Fire      31%        6-21      1%          3
 Inner Flame              Hex/Fire       19%        N/A       7%          3
 Dazzling Flash           Conj/Hex       28%        N/A       13%         3
 Starburst                Conj/Fire      15%        6d6       71%         6
 Lightning Bolt           Conj/Air       7%         1d19      77%         5
 Airstrike                Air            1%         N/A       83%         4
 Summon Lightning Spire   Summ/Air       2%         N/A       83%         4
 Manifold Assault         Tloc           9%         N/A       91%         5
 Storm Form               Tmut/Air       1%         N/A       100%        7


Dungeon Overview and Level Annotations

Branches:
Dungeon (9/15)             Temple (1/1) D:5            Lair (0/6) D:8
    Orc: D:9-12

Altars:
Ashenzari
Cheibriados
Dithmenos
Elyvilon
Fedhas
Gozag
Hepliaklqana
Kikubaaqudgha
Makhleb
Nemelex Xobeh
Okawaru
Qazlal
Ru
Sif Muna
Trog
Uskayaw
Vehumet
Wu Jian
Xom
Yredelemnul
Zin
The Shining One

Shops:
D:2 !   D:8 *

Annotations:
D:3 Terence
D:4 2 runed translucent doors, Crazy Yiuf; Holdthepickle's ghost, amateur MiFi
D:9 Grum; Harold


Innate Abilities, Weirdness & Mutations

You have sharp claws.
You have razor-sharp teeth.
You have supernaturally acute eyesight. (SInv)
You cover ground quickly. (Speed+)
You are covered in thick fur. (AC +2)
Your paws help you pounce on unaware monsters.
You are incapable of wielding weapons or throwing items.
You cannot wear armour.
You gain extra lives every three experience levels.


Message History

Casting: Scorch (safe; 1% risk of failure)
Confirm with . or Enter, or press ? or * to list all spells.
You don't have enough magic to cast this spell.
Magic courses through your body. Grum completely misses you.
Casting: Scorch (safe; 1% risk of failure)
Confirm with . or Enter, or press ? or * to list all spells.
The spell is quite dangerous to miscast (7% risk of failure)!
Continue anyway?
Casting: Flame Wave (quite dangerous; 7% risk of failure)
Press: ? - help, Dir - look around, f - activate A wave of flame ripples out!
The flame wave engulfs Harold.
Harold resists.
Harold is lightly wounded. (Press . to intensify the flame waves.) Grum closely misses you.
Unknown command.
A wave of flame ripples out!
The flame wave engulfs Harold but does no damage.
Harold is lightly wounded.
The flame wave engulfs Grum!
Grum is moderately wounded.
Grum completely misses you.
A wave of flame ripples out!
The flame wave engulfs Harold.
Harold resists.
Harold is lightly wounded.
The flame wave engulfs Grum.
Grum is moderately wounded.
You finish channelling waves of flame.
Grum hits you from afar with a +0 spear!!
Ouch! That really hurt!
* * * LOW HITPOINT WARNING * * *
You feel better. Grum misses you.
Casting: Flame Wave (quite dangerous; 7% risk of failure)
Confirm with . or Enter, or press ? or * to list all spells.
The spell is quite dangerous to miscast (7% risk of failure)!
Continue anyway?
Casting: Flame Wave (quite dangerous; 7% risk of failure)
Press: ? - help, Dir - look around, f - activate A wave of flame ripples out!
The flame wave engulfs Harold.
Harold resists.
Harold is lightly wounded. (Press . to intensify the flame waves.) Grum hits you from afar with a +0 spear!!
Ouch! That really hurt!
You die...

.......#.##.##...#
....... .##......#
.......#+##......#
..........#..#c#.#
...............#.##
#####..........#..#
#.........g#..#
#.........(@..##
...........@...#
......^......#.##
####..?..(.....#
#.....#...#.#
###.#.##..#.# #.#.#
.>..# ....# #####
######


You could see Harold (paralysed), Grum and a centaur.

Vanquished Creatures
  Sigmund (D:4)
  A wyvern (D:8)
  2 steam dragons (D:8)
  Edmund (D:4)
  Duvessa (D:6)
  A black bear (D:5)
  An ogre (D:5)
  A centaur (D:7)
  2 wolves
  A phantom (D:7)
  Blork the orc (D:6)
  A gnoll sergeant (D:7)
  A bullfrog (D:7)
  A scorpion (D:6)
  A wyvern skeleton (D:6)
  Dowan (D:6)
  6 killer bees
  2 bullfrog zombies (D:5)
  3 centaur zombies
  A centaur skeleton (D:7)
  A gnoll shaman (D:8)
  3 hounds
  2 iguanas
  A jelly (D:6)
  Ijyb (D:3)
  4 orc wizards
  A killer bee zombie (D:7)
  A hound skeleton (D:4)
  A howler monkey zombie (D:9)
  10 gnolls
  3 adders
  2 white imps
  A worm (D:3)
  A dart slug (D:1)
  15 orcs
  5 ball pythons
  7 endoplasms
  2 giant cockroaches
  8 goblins
  7 hobgoblins
  3 kobolds
  4 quokkas
  4 bats
  2 frilled lizards (D:1)
  7 rats
126 creatures vanquished.

Vanquished Creatures (collateral kills)
  An adder (D:2)
1 creature vanquished.

Vanquished Creatures (others)
  315 foxfires
  A plant (D:8)
316 creatures vanquished.

Grand Total: 443 creatures vanquished

Notes
Turn   | Place    | Note
-------+----------+-------------------------------------------
     0 | D:1      | hawla the Felid Fire Elementalist began the quest for the
                  | Orb.
     0 | D:1      | Reached XP level 1. HP: 7/7 MP: 4/4
   212 | D:1      | Reached skill level 3 in Fire Magic
   265 | D:1      | Reached XP level 2. HP: 4/11 MP: 3/6
   271 | D:1      | Learned a level 2 spell: Scorch
  1186 | D:1      | Reached skill level 1 in Conjurations
  1529 | D:1      | Reached XP level 3. HP: 14/14 MP: 7/7
  1646 | D:1      | Found a faded altar of an unknown god.
  2285 | D:2      | Found Vaeref's Distillery.
  2308 | D:2      | Bought a potion of degeneration for 12 gold pieces
  2602 | D:3      | Noticed Ijyb
  2608 | D:3      | Killed Ijyb
  2609 | D:3      | Reached XP level 4. HP: 17/18 MP: 0/8
  2614 | D:3      | Learned a level 4 spell: Flame Wave
  2898 | D:3      | Noticed Terence
  3758 | D:4      | Reached XP level 5. HP: 21/21 MP: 4/9
  4053 | D:4      | Found a runed translucent door.
  4165 | D:4      | Noticed Sigmund
  4170 | D:4      | Noticed Edmund
  4174 | D:4      | Killed Sigmund
  4175 | D:4      | Reached skill level 4 in Fire Magic
  4175 | D:4      | Gained mutation: You are covered in thick fur. (AC +2)
                  | [Felid growth]
  4175 | D:4      | Reached XP level 6. HP: 25/25 MP: 1/10
  4187 | D:5      | Entered Level 5 of the Dungeon
  4337 | D:5      | Found a sacrificial altar of Ru.
  4350 | D:5      | Reached skill level 5 in Fire Magic
  4693 | D:5      | Reached XP level 7. HP: 26/28 MP: 5/11
  4990 | D:5      | Found a staircase to the Ecumenical Temple.
  5032 | Temple   | Entered the Ecumenical Temple
  5174 | D:4      | Noticed Holdthepickle's ghost (amateur MiFi)
  5293 | D:4      | Killed Edmund
  5294 | D:4      | Reached skill level 6 in Fire Magic
  5658 | D:4      | Found a runed translucent door.
  5659 | D:4      | Noticed Crazy Yiuf
  6221 | D:6      | Found a white marble altar of Elyvilon.
  6340 | D:6      | Noticed Duvessa
  6340 | D:6      | Noticed Dowan
  6347 | D:6      | Slain by Duvessa
  6348 | D:6      | Reached XP level 6. HP: -1/25 MP: 5/10
  6366 | D:6      | Killed Duvessa
  6367 | D:6      | Reached XP level 7. HP: 28/28 MP: 3/11
  6551 | D:6      | Killed Dowan
  6672 | D:6      | Noticed Blork the orc
  6677 | D:6      | Reached skill level 7 in Fire Magic
  6678 | D:6      | Reached skill level 1 in Fighting
  6678 | D:6      | Killed Blork the orc
  6694 | D:5      | Reached skill level 5 in Conjurations
  6867 | D:5      | Reached XP level 8. HP: 21/32 MP: 8/12
  7646 | D:7      | Reached skill level 8 in Fire Magic
  8098 | D:7      | Found a hazy altar of Hepliaklqana.
  8206 | D:7      | Found an iron altar of Okawaru.
  8415 | D:7      | Found a radiant altar of Vehumet.
  8585 | D:7      | Became a worshipper of Vehumet
  8658 | D:8      | Found a blossoming altar of Fedhas.
  8802 | D:8      | Reached skill level 1 in Unarmed Combat
  8999 | D:8      | Found a staircase to the Lair.
  9410 | D:8      | Reached skill level 5 in Dodging
  9410 | D:8      | Reached XP level 9. HP: 33/36 MP: 5/14
  9720 | D:8      | Learned a level 4 spell: Iskenderun's Mystic Blast
  9920 | D:8      | Found Uthisom's Assorted Antiques.
  9926 | D:8      | Bought 2 bubbling orange potions for 45 gold pieces
  9926 | D:8      | Bought a scroll labelled ZITAEPSALUHY for 25 gold pieces
 10039 | D:9      | Noticed Grum
 10042 | D:9      | Slain by Grum
 10043 | D:9      | Reached XP level 8. HP: -2/33 MP: 9/13
 10050 | D:9      | Noticed a troll
 10072 | D:8      | Reached skill level 1 in Translocations
 10564 | D:9      | Noticed Harold
 10625 | D:9      | Mangled by Grum

Illustrated notes

Levels and vault maps discovered:
D:1:      ebering_trefoil_twist, layout_basic,
          hellmonk_ecumenical_altar_inner_sanctum
D:2:      layout_rooms, serial_shops, nicolae_shop_hallway_stairs,
          kennysheep_generic_room_8
D:3:      layout_loops_corners, minmay_misc_feat_tiny, uniq_ijyb, uniq_terence
D:4:      layout_cave_pools, ebering_ghost_inner_flame, uniq_sigmund,
          uniq_crazy_yiuf_cottage, uniq_edmund
D:5:      layout_basic, nicolae_ru_sacrificial_ziggurat,
          minmay_temple_entry_junction
D:6:      layout_loops_cross, elyvilon_altar_3, kennysheep_cluttered_room,
          uniq_duvessa, uniq_blork_the_orc
D:7:      layout_cave_pools, kennysheep_mini, okawaru_trees_2,
          worldfamousw_hep_ancestral_shrine, minmay_misc_feat_more_columns
D:8:      layout_loops_corners, nicolae_overflow_crystal_walls,
          dpeg_oklobed_lair, serial_shops, shop_fountains
D:9:      minmay_the_grid_triangle_9x9_recursive_2_mashed
          [minmay_the_grid_triangle_9x9_prize_center,
          minmay_the_grid_triangle_9x9_alien,
          minmay_the_grid_triangle_9x9_empty,
          minmay_the_grid_triangle_9x9_impossible_snake], layout_basic,
          uniq_grum, uniq_harold
Temple:   compressed_dpeg_circular_temple

Skill      XL: |  1  2  3  4  5  6  7  8 |
---------------+-------------------------+-----
Dodging        | 3 4 5 |  5.3
Fire Magic     | 3 4 5 7 8 |  8.9
Conjurations   | 1 2 4 5 6 |  6.0
Stealth        | 3 4 |  4.0
Fighting       | 1 2 |  2.2
Unarmed Combat | 1 |  1.4
Spellcasting   | 3 |  3.0
Translocations | 1 |  1.6

Action                   |  1- 3 |  4- 6 |  7- 9 || total
-------------------------+-------+-------+-------++-------
Melee: Unarmed           |    78 |    20 |    47 ||   145
       Bite              |     6 |     4 |     4 ||    14
       Punch             |       |       |     1 ||     1
 Cast: Foxfire           |    33 |    75 |    73 ||   181
       Scorch            |     2 |    21 |    24 ||    47
       Flame Wave        |       |     1 |    16 ||    17
       Iskenderun's Myst |       |       |     1 ||     1
Evoke: Wand              |       |       |     3 ||     3
  Use: Scroll            |     6 |     1 |    12 ||    19
       Potion            |       |       |     4 ||     4
 Stab: Sleeping          |    12 |     1 |     1 ||    14
       Distracted        |       |       |     1 ||     1
Armor: Skin              |     6 |       |    14 ||    20
Dodge: Dodged            |    73 |    30 |   123 ||   226
Block: Other             |       |       |    41 ||    41
       Reflection        |       |       |     3 ||     3
